 Dungeon Crawl Stone Soup version 0.26.1-2-gb8aa6d0cf2 (webtiles) character file.

Game seed: 9016856407904846319

77 Ladykiller69 the Chucker (level 4, -3/48 HPs)
             Began as an Ogre Hunter on Mar 26, 2021.
             Killed by divine providence
             ... invoked by an orc priest
              (11 damage)
             ... on level 3 of the Dungeon.
             The game lasted 00:05:43 (3492 turns).

Ladykiller69 the Chucker (Ogre Hunter)              Turns: 3492, Time: 00:05:44

Health: -3/48      AC:  3    Str: 16    XL:     4   Next: 33%
Magic:  4/4        EV: 10    Int: 12    God:
Gold:   193        SH:  0    Dex: 10    Spells: 3/3 levels left

rFire    . . .     SeeInvis .   g - +1 whip (elec)
rCold    . . .     Faith    .   (no shield)
rNeg     . . .     Spirit   .   b - +0 robe
rPois    .         Reflect  .   (helmet restricted)
rElec    .         Harm     .   (no cloak)
rCorr    .         Rampage  .   (gloves unavailable)
Will     .....                  (boots unavailable)
Stlth    +.........             (no amulet)
HPRegen  0.16/turn              (no ring)
MPRegen  0.09/turn              (no ring)

@: lethally poisoned (-3 -> -6)
A: large, unfitting armour, tough skin 1
a: no special abilities


You were on level 3 of the Dungeon.
You visited 1 branch of the dungeon, and saw 3 of its levels.

You collected 193 gold pieces.

Inventory:

Hand Weapons
 a - a +0 short sword
 g - a +1 whip of electrocution (weapon)
Missiles
 c - 5 large rocks
 d - 2 throwing nets (quivered)
Armour
 b - a +0 robe (worn)
Jewellery
 q - an uncursed ring of fire {unknown}
Scrolls
 e - 2 scrolls of noise {unknown}
 h - 2 scrolls of immolation {unknown}
 i - a scroll of blinking {unknown}
 m - 2 scrolls of amnesia {unknown}
 n - a scroll of enchant weapon {unknown}
 r - a scroll of magic mapping {unknown}
Potions
 f - 2 potions of lignification {unknown}
 j - 2 potions of cancellation {unknown}
 k - a potion of attraction {unknown}
 l - a potion of flight {unknown}
 o - a potion of berserk rage {unknown}
 p - 2 potions of degeneration {unknown}


   Skills:
 + Level 3.7 Fighting
 * Level 2.3 Maces & Flails
 - Level 4.0 Throwing
 + Level 2.5 Dodging
 - Level 0.6 Stealth


You had 3 spell levels left.
You didn't know any spells.
Your spell library was empty.

Dungeon Overview and Level Annotations

Branches:
Dungeon (3/15)

Altars:
Fedhas
Nemelex Xobeh
Sif Muna


Innate Abilities, Weirdness & Mutations

You are too large for most types of armour.
You have tough skin. (AC +1)


Message History

The orc priest looks encouraged for a moment.
The orc hits you with a +0 flail.
You feel sick.
You feel sick.
You feel sick.
The orc priest looks braver for a moment. x2
You feel sick.
You feel sick.
The orc priest casts a cantrip, but nothing happens.
You feel sick.
You feel sick.
You feel sick.
You feel sick.
The orc priest calls down the wrath of Beogh upon you.
Beogh smites you!
* * * LOW HITPOINT WARNING * * *
You feel sick.
The orc priest calls down the wrath of Beogh upon you.
Beogh smites you!
You die...

)...## #.....#......# #...# #
.....#+#+###.#......# ##>.# #
.............#......# ##.# #
.............#......# #.######
.......o....o#.###########.......
..........o..o..............#####
.....###'#####.############.#<...
.....# #.# #........# #.####.
.....# #.# #.)@.....+ #.# #.
....## #.# ##.......# #.# ##
#..## #.# #.......## #.# #..# #.#
#.[......# ..##### #..# #.#
#........# ###.... #..# #.#
#........### #.### #..
#......)...# #.#
#.......##.####.#
#.......'.......#


You could see an orc priest and an orc.

Vanquished Creatures
  3 adders (D:3)
  An ooze (D:1)
  A worm (D:2)
  2 dart slugs
  A leopard gecko (D:3)
  6 bats
  4 giant cockroaches
  5 goblins
  2 hobgoblins
  6 kobolds
  A quokka (D:3)
  4 frilled lizards
  4 rats
40 creatures vanquished.

Vanquished Creatures (others)
  A plant (D:2)
1 creature vanquished.

Grand Total: 41 creatures vanquished

Notes
Turn   | Place    | Note
-------+----------+-------------------------------------------
     0 | D:1      | Ladykiller69 the Ogre Hunter began the quest for the Orb.
     0 | D:1      | Reached XP level 1. HP: 22/22 MP: 1/1
    80 | D:1      | Reached XP level 2. HP: 28/29 MP: 2/2
   144 | D:1      | Reached skill level 1 in Maces & Flails
   910 | D:1      | Reached XP level 3. HP: 37/37 MP: 3/3
  1650 | D:2      | Found a sparkling altar of Nemelex Xobeh.
  1882 | D:2      | Found a shimmering blue altar of Sif Muna.
  2010 | D:2      | Found a blossoming altar of Fedhas.
  2631 | D:3      | Reached XP level 4. HP: 16/45 MP: 4/4
  3492 | D:3      | Killed from afar by an orc priest

Illustrated notes

Levels and vault maps discovered:
D:1:      dpeg_arrival_subterranean_lakeside_camping, layout_basic,
          minmay_misc_feat_roman, minmay_tromino_v4_a
D:2:      layout_loops_corners, lemuel_blue_sif_altar,
          grunt_temple_overflow_open, serial_forest,
          infiniplex_forest_clump_curved, infiniplex_forest_end_2,
          infiniplex_forest_end_1, infiniplex_forest_lined_2,
          infiniplex_forest_lined_corner, infiniplex_forest_clump_small,
          infiniplex_forest_lined_room_
D:3:      layout_basic, uniq_ijyb

Skill      XL: |  1  2  3 |
---------------+----------+-----
Dodging        | 2 |  2.5
Fighting       | 3 |  3.7
Maces & Flails | 1 2 |  2.3
Throwing       | |  4.0
Stealth        | |  0.6

Action                   |  1- 3 |  4- 6 || total
-------------------------+-------+-------++-------
Melee: Short sword       |    76 |       ||    76
       Whip              |    52 |    28 ||    80
Throw: Throwing net      |     2 |       ||     2
 Stab: Sleeping          |     3 |       ||     3
Armor: Robe              |    34 |     5 ||    39
Dodge: Dodged            |    70 |    24 ||    94
